Map: Lerilak Crest

Players

Loon - Winner!

  • Race: Terran Terran
  • League: Grandmaster

wabbajack

  • Race: Zerg Zerg
  • League: Grandmaster

VOD

Have the link to the VOD?

Description

Time

  • Played on: July 15, 2015, 9:45 p.m.
  • Length: 16:33
Show
View Real Time Build Order
Export as new Build Order

Loon Terran - Winner!

Build Orders: Hellion Opening, Mech 

Get SALT Encoding   

  12  0:13  SCV  
  13  0:14  Supply Depot  
  13  0:25  SCV  
  14  0:37  SCV  
  14  0:40  Barracks  
  15  0:49  SCV  
  16  1:01  SCV  
  16  1:02  Refinery  
  17  1:05  Refinery  
  17  1:13  SCV  
  18  1:28  Orbital Command  
  18  1:31  Supply Depot  
  18  1:38  Barracks Reactor  
  18  1:55  SCV  
  18  1:59  Factory  
  19  2:07  SCV  
  20  2:18  Command Center  
  20  2:20  SCV  
  21  2:23  Marine  
  21  2:26  Marine  
  23  2:35  SCV  
  24  2:49  SCV  
  25  2:52  Supply Depot  
  25  2:56  Hellion x2  
  29  2:59  Barracks Tech Lab  
  29  3:01  SCV  
  30  3:07  Supply Depot  
  30  3:15  SCV  
  30  3:17  Hellion  
  30  3:18  Hellion  
  35  3:28  Marauder  
  37  3:34  Factory  
  37  3:36  SCV  
  38  3:45  Hellion  
  38  3:46  Hellion  
  42  3:51  SCV, Starport  
  43  3:56  Orbital Command  
  43  4:01  Marauder  
  43  4:12  Bunker  
  43  4:20  Widow Mine x2  
  43  4:23  Marauder  
  43  4:40  Widow Mine  
  43  4:42  Starport Tech Lab  
  43  4:44  Marauder  
  47  4:50  SCV  
  47  4:51  Factory  
  48  5:02  SCV  
  49  5:08  Hellion x2  
  49  5:11  Marauder  
  49  5:12  Banshee  
  58  5:16  SCV x2  
  60  5:23  Supply Depot  
  60  5:28  SCV  
  60  5:35  SCV  
  60  5:40  SCV  
  43  5:47  SCV  
  43  5:48  Hellion x2  
  48  5:56  SCV  
  49  5:59  SCV  
  50  6:08  SCV  
  50  6:09  Hellion  
  52  6:11  SCV  
  52  6:18  Banshee  
  56  6:19  Factory Tech Lab  
  56  6:20  SCV, Marauder  
  59  6:28  Refinery  
  59  6:31  Refinery  
  58  6:41  SCV x2  
  60  6:53  SCV x2  
  62  6:54  Bunker  
  62  6:57  Bunker  
  62  7:05  SCV  
  62  7:06  SCV  
  64  7:25  Hellion x2  
  68  7:34  Barracks  
  68  7:35  Barracks  
  68  7:50  Factory Tech Lab  
  68  7:58  Siege Tank  
  69  8:04  SCV x2  
  69  8:16  SCV  
  70  8:29  Barracks Reactor x2  
  70  8:37  Supply Depot  
  70  8:38  Supply Depot  
  70  8:45  Supply Depot  
  70  8:55  Cloaking Field  
  70  8:59  SCV x2, Siege Tank  
  70  9:00  Siege Tank  
  78  9:09  Banshee  
  81  9:10  Marine x2  
  81  9:11  SCV x2, Marine x2  
  81  9:12  Marauder  
  89  9:20  Supply Depot  
  89  9:21  Supply Depot  
  89  9:23  SCV x2  
  91  9:26  Armory  
  91  9:35  SCV x2  
  93  9:46  Marine x4  
  93  9:47  SCV x2, Marine  
  93  9:51  Siege Tank x2  
  106  9:59  SCV  
  104  10:05  Hellion x2  
  108  10:09  Marine  
  108  10:10  Marine  
  110  10:17  Supply Depot x2  
  110  10:18  Supply Depot, Terran Vehicle Weapons Level 1  
  110  10:38  Marauder, Medivac, Marine x2  
  114  10:54  SCV x2  
  116  11:05  Barracks  
  116  11:06  SCV x2, Starport  
  116  11:09  Barracks  
  118  11:13  Siege Tank  
  118  11:14  Siege Tank  
  118  11:26  SCV, Starport  
  118  11:27  SCV  
  120  11:35  Raven  
  120  11:37  Marine x4  
  120  11:38  Marine  
  120  11:39  Hellbat x2  
  131  11:46  Hellbat x2  
  129  11:53  Command Center  
  98  12:21  SCV x2  
  96  12:27  Barracks Tech Lab  
  96  12:28  Barracks Reactor  
  96  12:30  Starport Reactor  
  96  12:39  Stimpack, Marine x3  
  96  12:40  Marine  
  96  12:41  Marauder  
  96  12:42  Medivac  
  104  12:50  Siege Tank x2  
  104  12:51  SCV x2, Hellbat x2  
  115  12:55  Starport Tech Lab  
  116  13:03  SCV x2  
  118  13:15  Command Center  
  118  13:16  Refinery  
  118  13:17  Refinery  
  118  13:19  Engineering Bay  
  118  13:23  Medivac x2  
  122  13:29  SCV x2  
  124  13:37  Raven  
  126  13:41  SCV  
  126  13:42  SCV  
  126  13:44  Orbital Command  
  128  13:56  SCV x2  
  128  14:02  Command Center  
  131  14:10  SCV x3  
  131  14:11  Supply Depot  
  133  14:22  Thor x2  
  145  14:26  Viking  
  148  14:31  SCV x2  
  148  14:32  SCV  
  148  14:34  Missile Turret  
  150  14:38  Missile Turret  
  150  14:41  Missile Turret  
  150  14:56  SCV x3  
  153  15:00  Orbital Command  
  153  15:02  Sensor Tower  
  153  15:07  Missile Turret  
  153  15:08  Thor, SCV x3  
  153  15:10  Marine x2  
  153  15:11  Marine x3  
  153  15:12  Marine  
  168  15:22  Missile Turret  
  168  15:28  Hellbat  
  170  15:32  Siege Tank  
  173  15:52  Medivac  
  173  15:53  Viking  
  173  15:54  Viking x2  
  181  16:04  Marine x5  
  181  16:05  Marine  
  187  16:12  Marine  
  187  16:13  Marine  
Show
View Real Time Build Order
Export as new Build Order

wabbajack Zerg 

Build Orders: Hatch First, Lurkers 

Get SALT Encoding   

  12  0:02  Drone  
  13  0:14  Overlord  
  13  0:24  Drone  
  13  0:27  Drone, Extractor  
  14  0:33  Drone  
  16  0:37  Drone  
  17  0:55  Hatchery  
  16  1:02  Extractor  
  15  1:09  Spawning Pool  
  14  1:12  Drone  
  14  1:16  Drone  
  16  1:20  Drone  
  17  1:33  Drone  
  17  1:35  Drone  
  19  1:47  Drone  
  20  1:57  Queen  
  22  2:03  Overlord  
  22  2:05  Metabolic Boost  
  22  2:07  Queen  
  24  2:12  Drone  
  24  2:14  Drone  
  26  2:31  Drone x4  
  30  2:44  Drone x2, Roach Warren  
  32  2:48  Extractor  
  32  2:49  Overlord  
  30  3:00  Overlord  
  30  3:07  Zergling x2  
  30  3:09  Zergling x2  
  32  3:22  Drone x2  
  32  3:26  Roach x3  
  32  3:27  Roach x3  
  46  3:29  Roach  
  50  3:34  Roach  
  50  3:40  Pneumatized Carapace  
  50  3:45  Overlord  
  50  4:08  Zergling x6  
  50  4:09  Zergling x8  
  57  4:10  Zergling x2  
  50  4:54  Overlord  
  50  4:57  Zergling x20  
  40  5:42  Roach x5  
  56  5:43  Roach x9  
  61  5:58  Hatchery  
  59  6:14  Spore Crawler  
  59  6:16  Spore Crawler  
  57  6:20  Lair  
  57  6:25  Spore Crawler  
  56  6:27  Spore Crawler  
  55  6:33  Drone  
  55  6:34  Drone x5  
  55  6:35  Spore Crawler  
  60  6:41  Overlord x2  
  60  6:52  Evolution Chamber  
  60  6:54  Evolution Chamber  
  58  6:55  Drone x5  
  58  6:56  Evolution Chamber  
  62  7:21  Hydralisk Den x2  
  60  7:23  Queen  
  60  7:26  Queen  
  60  7:27  Drone x2  
  64  7:34  Overseer  
  56  8:02  Lurker Den  
  40  8:17  Muscular Augments  
  40  8:18  Hydralisk x8  
  54  8:27  Spine Crawler  
  54  8:30  Drone x2  
  54  8:31  Drone  
  56  8:44  Zerg Missile Weapons Level 1  
  56  8:46  Drone x5  
  61  9:15  Zerg Ground Armor Level 1  
  61  9:16  Zerg Melee Weapons Level 1  
  61  9:31  Overlord x2  
  56  9:47  Hydralisk x3  
  56  9:48  Hydralisk  
  56  9:51  Zergling x20  
  56  9:52  Drone  
  75  9:53  Hatchery, Drone  
  75  10:04  Extractor  
  75  10:06  Extractor  
  73  10:10  Drone  
  73  10:11  Drone x4  
  78  10:19  Spore Crawler x2  
  76  10:24  Lurker  
  76  10:25  Lurker  
  78  10:42  Drone  
  77  10:43  Drone x11  
  82  10:53  Lurker  
  82  10:54  Lurker  
  84  10:58  Queen  
  84  11:00  Drone x3  
  89  11:17  Extractor  
  89  11:18  Extractor  
  87  11:26  Drone x4  
  87  11:27  Drone x8  
  87  11:30  Overlord  
  87  11:31  Overlord  
  99  11:34  Extractor  
  99  11:37  Infestation Pit  
  99  11:38  Extractor  
  95  11:54  Spire  
  88  12:11  Zerg Melee Weapons Level 2  
  88  12:12  Zerg Ground Armor Level 2, Zerg Missile Weapons Level 2  
  65  12:25  Roach  
  65  12:26  Roach x7  
  65  12:27  Zergling x2  
  65  12:28  Zergling x24  
  65  12:29  Overlord  
  94  13:35  Hydralisk x4  
  94  13:36  Hydralisk x5, Roach x6  
  94  13:37  Roach x4  
  94  13:39  Overlord x4  
  132  14:13  Lurker  
  132  14:14  Lurker x8  
  132  14:15  Hydralisk  
  132  14:16  Hydralisk x6  
  142  15:14  Overlord  
  142  15:15  Overlord x3  
  142  15:16  Hydralisk x6, Roach x2  
  142  15:17  Roach x5  
  168  15:44  Hatchery  
  165  16:08  Zergling x14  
Tags
 
Add a new tag
Caveats
  • Supply blocks, unpowered buildings, or Contaminate may cause inaccurate times.
  • Supply counts are checked every 10 seconds.